 Dungeon Crawl Stone Soup version 0.30-a0-989-g0d87f670db (webtiles) character file.

Game seed: 8518821223554178340

15383 Pimp the Arsonist (level 12, -8/94 HPs)
             Began as a Barachi Wanderer on Apr 3, 2023.
             Was an Elder of Cheibriados.
             Mangled by a warg (13 damage)
             ... on level 2 of the Orcish Mines.
             The game lasted 00:37:22 (11743 turns).

Pimp the Arsonist (Barachi Wanderer)               Turns: 11743, Time: 00:37:22

Health: -8/94      AC: 15    Str: 24    XL:     12   Next: 26%
Magic:  9/20       EV: 21    Int: 30    God:    Cheibriados [****..]
Gold:   458        SH:  5    Dex: 28    Spells: 5/21 levels left

rFire   . . .      SeeInvis .    U - +6 rapier "Touxkov" {venom, Will+}
rCold   + . .      Faith    .    (no shield)
rNeg    . . .      Spirit   .    L - +1 steam dragon scales
rPois   +          Reflect  +    p - +0 helmet
rElec   .          Rampage  .    j - +0 cloak of the Turtledove {rPois Will++}
rCorr   .          Clarity  +    T - +2 pair of gloves
Will    +++..                    (no boots)
Stlth   ++                       d - amulet "Celeog" {Reflect Dex+2 SH+5}
HPRegen 0.35/turn                D - ring "Nef Izxe" {EV+5 Int+3}
MPRegen 0.17/turn                C - ring "Jepejour" {rPois rC+ Dex+4}

@: very slow
A: amphibious, slowness 1, strong legs 1, +LOS, iridescent scales 1, clarity,
robust 1
a: Hop, Renounce Religion, Bend Time, Temporal Distortion, Slouch


You were on level 2 of the Orcish Mines.
You worshipped Cheibriados.
Cheibriados was greatly pleased with you.
You visited 3 branches of the dungeon, and saw 13 of its levels.

You collected 1176 gold pieces.
You spent 718 gold pieces at shops.

Inventory:

Hand Weapons
 a - a +4 quarterstaff of protection
 c - a +5 vampiric falchion
 x - a +2 vampiric short sword
 K - a +0 long sword of flaming
 U - the +6 rapier "Touxkov" (weapon) {venom, Will+}
   (You found it on level 9 of the Dungeon)

   Will:      It increases your willpower.
Missiles
 w - 5 silver javelins
 I - 2 boomerangs of dispersal
 O - 4 throwing nets
Armour
 j - the +0 cloak of the Turtledove (worn) {rPois Will++}
   (You bought it in a shop on level 5 of the Dungeon)

   rPois:     It protects you from poison.
   Will:      It greatly increases your willpower.
 p - a +0 helmet (worn)
 L - +1 steam dragon scales (worn)
 M - an orb of energy
 T - a +2 pair of gloves (worn)
Magical Staves
 i - a staff of poison
 l - a staff of earth
 q - a staff of death
 u - a staff of cold
 A - a staff of cold
Jewellery
 b - a +6 ring of strength
 d - the amulet "Celeog" (around neck) {Reflect Dex+2 SH+5}
   (You bought it in a shop on level 10 of the Dungeon)

   [amulet of reflection]

   It reflects blocked missile attacks.
   Dex:       It affects your dexterity (+2).
   SH:        It affects your SH (+5).
 e - a +5 ring of evasion
 f - a +6 ring of dexterity
 g - a ring of positive energy
 y - a ring of poison resistance
 C - the ring "Jepejour" (right hand) {rPois rC+ Dex+4}
   (You bought it in a shop on level 10 of the Dungeon)

   [ring of protection from cold]

   Dex:       It affects your dexterity (+4).
   rC:        It protects you from cold.
   rPois:     It protects you from poison.
 D - the ring "Nef Izxe" (left hand) {EV+5 Int+3}
   (You bought it in a shop on level 10 of the Dungeon)

   [ring of evasion]

   EV:        It affects your evasion (+5).
   Int:       It affects your intelligence (+3).
 J - a ring of wizardry
Wands
 k - a wand of acid (10) (quivered)
 z - a wand of charming (5)
 Q - a wand of iceblast (3)
Scrolls
 h - 6 scrolls of identify
 t - 4 scrolls of amnesia
 v - a scroll of poison
 E - a scroll of brand weapon
 H - a scroll of enchant weapon
 N - 2 scrolls of immolation
Potions
 m - 4 potions of flight
 n - 6 potions of might
 o - a potion of ambrosia
 r - a potion of brilliance
 s - a potion of attraction
 B - a potion of berserk rage {unknown}
 F - a potion of magic {unknown}
 G - 2 potions of cancellation {unknown}
 P - a potion of curing


   Skills:
 - Level 5.2 Fighting
 * Level 7.6 Short Blades
 - Level 6.7 Staves
 - Level 5.8 Armour
 - Level 4.8 Dodging
 * Level 5.4 Spellcasting
 * Level 13.7 Fire Magic
 - Level 6.2 Ice Magic
 - Level 7.7 Poison Magic


You had 5 spell levels left.
You knew the following spells:

 Your Spells              Type           Power      Damage    Failure   Level
a - Sting                 Tmut/Pois      100%       1d8       1%          1
b - Ignite Poison         Fire/Tmut/Pois 50%        N/A       1%          3
c - Olgreb's Toxic Radia  Pois           53%        N/A       2%          4
d - Ignition              Fire           37%        3d11      78%         8

Your spell library contained the following spells:

 Spells                   Type           Power      Damage    Failure   Level
 Summon Small Mammal      Summ           32%        N/A       5%          1
 Call Canine Familiar     Summ           8%         N/A       17%         3
 Dazzling Flash           Conj/Hex       16%        N/A       17%         3
 Summon Guardian Golem    Hex/Summ       8%         N/A       17%         3
 Iskenderun's Mystic Bla  Conj/Tloc      8%         2d4       50%         4
 Leda's Liquefaction      Hex/Erth       4%         N/A       50%         4
 Lee's Rapid Deconstruct  Erth           4%         3d5*      83%         5
 Yara's Violent Unravell  Hex/Tmut       4%         3d4       83%         5
 Starburst                Conj/Fire      24%        6d8       45%         6
 Ozocubu's Refrigeration  Ice            22%        4d12      98%         7
 Statue Form              Tmut/Erth      5%         N/A       100%        6
 Enfeeble                 Hex            4%         N/A       100%        7


Dungeon Overview and Level Annotations

Branches:
Dungeon (10/15)            Temple (1/1) D:7            Lair (0/5) D:8
    Orc (2/2) D:10            Elf (0/3) Orc:2

Altars:
Ashenzari
Cheibriados
Dithmenos
Elyvilon
Fedhas
Gozag
Hepliaklqana
Kikubaaqudgha
Makhleb
Nemelex Xobeh
Okawaru
Qazlal
Ru
Sif Muna
Uskayaw
Vehumet
Wu Jian
Xom
Yredelemnul
Zin
The Shining One
Jiyva

Shops:
D:5 [   D:10 *   Orc:1 :

Annotations:
D:9 3 runed translucent doors, Triskal's ghost, novice TrGl
Orc:1 1 transporter
Orc:2 2 transporters, Paptupha's ghost, journeyman DEHu


Innate Abilities, Weirdness & Mutations

You are amphibious.
You cover ground slowly.
You can hop short distances.
You have an extended range of vision and can be seen from far away.
You are partially covered in iridescent scales. (AC +2)
You possess an exceptional clarity of mind.
You are robust. (+10% HP)


Message History

Cheibriados thoroughly appreciates the change of pace.
The hellwing disappears in a puff of smoke!
The orange demon disappears in a puff of smoke!
The warg completely misses you. The warg misses you.
The orc priest mumbles some strange prayers to Beogh against you.
Beogh smites you! The warg bites you but does no damage. The warg bites you!
* * * LOW HITPOINT WARNING * * *
Items here: )) [[.
You hit the orc priest.
The orc priest is poisoned.
The orc priest is moderately wounded.
The warg bites you.
* * * LOW HITPOINT WARNING * * *
The orc priest misses you. The warg attacks as you move away!
The warg barely misses you.
The orc priest looks satisfied for a moment.
The warg bites you!
* * * LOW HITPOINT WARNING * * *
The warg misses you.
You hit the warg but do no damage. The warg closely misses you.
You feel much better. The warg bites you!
* * * LOW HITPOINT WARNING * * *
Okay, then.
As you read the scroll of fog, it crumbles to dust.
The scroll dissolves into smoke.
The warg closely misses you. x2
Unknown command.
You puncture the warg!
The warg is moderately wounded.
The orc priest looks encouraged for a moment.
The warg bites you.
* * * LOW HITPOINT WARNING * * *
You puncture the warg!
The warg is poisoned.
The warg is heavily wounded.
The warg closely misses you.
The orc priest invokes the aid of Beogh against you.
Beogh smites you!
* * * LOW HITPOINT WARNING * * *
Cheibriados appreciates the change of pace.
You feel a bit more experienced. The warg bites you!
You die...

........ ....... ..........
..... .......... ....
......$..# #..# .........#
#..# .........#
#..#######o## .........#
#......hoooh.
.........###+##§)###.###.o.
...........§§@hooo# #
...........###+###.#
...........# #.#
...........# #..
.............# #.##
.............# #.#
.............#######.#
......................
......................


You could see a warg (very poisoned) and an orc.

Vanquished Creatures
  Harold (D:9)
  2 two-headed ogres
  3 orc high priests (Orc:2)
  An orc knight (Orc:1)
  Pikel (D:7)
  2 orc sorcerers (Orc:1)
  A cyclops (Orc:2)
  Maggie (D:7)
  2 trolls (Orc:1)
  The ghost of AwFulAwFulPlayer the Slasher, an amateur DsGl (D:4)
  A hornet (D:9)
  Prince Ribbit (D:6)
  A shadow (D:10)
  6 yaks (D:9)
  3 wyverns (D:8)
  Eustachio (D:6)
  Grum (D:9)
  3 steam dragons
  2 wargs
  Duvessa (D:6)
  5 water moccasins
  An ice beast (D:5)
  2 black bears (D:8)
  12 orc warriors
  A sky beast (D:7)
  3 ogres
  5 centaurs
  7 wolves
  Blork the orc (D:6)
  3 bullfrogs
  A scorpion (D:7)
  A gnoll sergeant (D:9)
  Dowan (D:6)
  9 wights
  12 killer bees
  2 howler monkeys (D:8)
  4 quasits (D:4)
  2 gnoll boudas
  3 hounds
  12 orc priests
  Ijyb (D:4)
  2 iguanas (D:5)
  14 orc wizards
  Robin (D:3)
  11 gnolls
  6 adders
  3 shadow imps
  An ufetubus (D:7)
  3 worms
  4 dart slugs
  55 orcs
  9 ball pythons
  11 endoplasms
  4 giant cockroaches
  16 goblins
  11 hobgoblins
  2 jackals (D:5)
  4 quokkas
  5 bats
  5 frilled lizards
  8 kobolds
  8 rats
  A spectral orc (D:6)
307 creatures vanquished.

Vanquished Creatures (others)
  12 fungi
  36 plants
48 creatures vanquished.

Grand Total: 355 creatures vanquished

Notes
Turn   | Place    | Note
-------+----------+-------------------------------------------
     0 | D:1      | Pimp the Barachi Wanderer began the quest for the Orb.
     0 | D:1      | Pimp set off with the following items: a +2 quarterstaff, a
                  | +0 scale mail, a scroll of silence; and the following spell
                  | memorised: Sting; and the following spells available to
                  | memorise: Ignite Poison.
     0 | D:1      | Reached XP level 1. HP: 13/13 MP: 2/2
   205 | D:1      | Reached XP level 2. HP: 20/20 MP: 3/3
   341 | D:1      | Reached skill level 1 in Fighting
   345 | D:1      | Reached XP level 3. HP: 24/26 MP: 5/5
   577 | D:1      | Reached skill level 1 in Dodging
  1014 | D:2      | Reached XP level 4. HP: 30/32 MP: 4/6
  1530 | D:3      | Found a hazy altar of Hepliaklqana.
  1648 | D:3      | Reached skill level 1 in Ice Magic
  1657 | D:3      | Reached XP level 5. HP: 33/38 MP: 7/7
  1682 | D:3      | Learned a level 3 spell: Ignite Poison
  1701 | D:3      | Found a white marble altar of Elyvilon.
  1732 | D:3      | Noticed Robin
  1769 | D:3      | Killed Robin
  1831 | D:3      | Found a blossoming altar of Fedhas.
  2091 | D:3      | Found a stormy altar of Qazlal.
  2588 | D:4      | Reached skill level 5 in Staves
  2704 | D:4      | Found a transporter.
  2749 | D:4      | Noticed Ijyb
  2753 | D:4      | Reached skill level 5 in Poison Magic
  2753 | D:4      | Reached XP level 6. HP: 36/44 MP: 9/9
  2772 | D:4      | Killed Ijyb
  3007 | D:4      | Found a transporter.
  3016 | D:4      | Noticed AwFulAwFulPlayer's ghost (amateur DsGl)
  3073 | D:4      | Killed AwFulAwFulPlayer's ghost
  3074 | D:4      | Reached XP level 7. HP: 38/51 MP: 9/11
  3388 | D:5      | Entered Level 5 of the Dungeon
  3519 | D:5      | Reached XP level 8. HP: 58/58 MP: 12/12
  3579 | D:5      | Found Jaoha's Antique Armour Boutique.
  4006 | D:5      | Learned a level 4 spell: Olgreb's Toxic Radiance
  4120 | D:6      | Reached skill level 5 in Ice Magic
  4134 | D:6      | Noticed Duvessa
  4134 | D:6      | Noticed Dowan
  4266 | D:6      | Killed Duvessa
  4375 | D:6      | Killed Dowan
  4463 | D:6      | Found a shimmering altar of Xom.
  4466 | D:6      | Noticed Eustachio
  4481 | D:6      | Killed Eustachio
  4727 | D:6      | Noticed Blork the orc
  4758 | D:6      | Killed Blork the orc
  4898 | D:6      | Found a shadowy altar of Dithmenos.
  5013 | D:6      | Reached XP level 9. HP: 66/66 MP: 14/14
  5099 | D:6      | Found a sparkling altar of Nemelex Xobeh.
  5160 | D:6      | Gained mutation: You are partially covered in iridescent
                  | scales. (AC +2) [potion of mutation]
  5160 | D:6      | Gained mutation: You have hidden genetic potential. [potion
                  | of mutation]
  5170 | D:6      | Reached skill level 5 in Armour
  5314 | D:6      | Found a basalt altar of Yredelemnul.
  5559 | D:6      | Noticed Prince Ribbit
  5568 | D:6      | Killed Prince Ribbit
  5704 | D:7      | Found an ancient bone altar of Kikubaaqudgha.
  5806 | D:7      | Found a staircase to the Ecumenical Temple.
  5879 | D:7      | Noticed Pikel
  5929 | D:7      | Killed Pikel
  5930 | D:7      | Reached skill level 5 in Fighting
  6170 | D:5      | Bought an ancient cloak for 313 gold pieces
  6170 | D:5      | Identified the +0 cloak of the Turtledove {rPois Will++}
                  | (You bought it in a shop on level 5 of the Dungeon)
  6285 | D:7      | Noticed Maggie
  6291 | Temple   | Entered the Ecumenical Temple
  6401 | Temple   | Became a worshipper of Cheibriados the Contemplative
  6443 | D:7      | Killed Maggie
  6444 | D:7      | Reached skill level 3 in Fire Magic
  6622 | D:7      | Reached skill level 4 in Fire Magic
  6622 | D:7      | Reached XP level 10. HP: 36/73 MP: 16/16
  6626 | D:7      | Gained mutation: You are robust. (+10% HP) [hidden
                  | potential]
  7061 | D:7      | Found a burning altar of Makhleb.
  7249 | D:8      | Reached skill level 5 in Fire Magic
  7337 | D:8      | Reached skill level 6 in Fire Magic
  7338 | D:8      | Reached * piety under Cheibriados
  7339 | D:8      | Reached skill level 7 in Fire Magic
  7429 | D:8      | Found a staircase to the Lair.
  7439 | D:8      | Reached skill level 8 in Fire Magic
  8048 | D:8      | Noticed a two-headed ogre
  8055 | D:8      | Killed a two-headed ogre
  8056 | D:8      | Reached skill level 9 in Fire Magic
  8291 | D:8      | Found a shimmering blue altar of Sif Muna.
  8346 | D:9      | Reached skill level 10 in Fire Magic
  8576 | D:9      | Noticed Grum
  8579 | D:9      | Killed Grum
  8580 | D:9      | Reached XP level 11. HP: 88/88 MP: 6/17
  8586 | D:9      | Reached ** piety under Cheibriados
  8590 | D:9      | Reached skill level 11 in Fire Magic
  8597 | D:9      | Gained mutation: You possess an exceptional clarity of
                  | mind. [hidden potential]
  8597 | D:9      | Lost mutation: You have hidden genetic potential. [hidden
                  | potential expressed]
  8719 | D:9      | Found a runed translucent gate.
  8719 | D:9      | Found a runed translucent gate.
  8719 | D:9      | Found a viscous altar of Jiyva.
  8719 | D:9      | Found a runed translucent gate.
  8719 | D:9      | Noticed Triskal's ghost (novice TrGl)
  8720 | D:9      | Noticed a two-headed ogre
  8727 | D:9      | Killed a two-headed ogre
  8825 | D:9      | Identified the +6 rapier "Touxkov" {venom, Will+}
  8906 | D:9      | Reached skill level 1 in Short Blades
  9211 | D:9      | Noticed Harold
  9218 | D:9      | Killed Harold
  9219 | D:9      | Reached skill level 12 in Fire Magic
  9663 | D:10     | Entered Level 10 of the Dungeon
  9663 | D:10     | Found a staircase to the Orcish Mines.
  9669 | D:10     | Found a glowing golden altar of the Shining One.
  9692 | D:10     | Found a glowing silver altar of Zin.
  9711 | D:10     | Found Oru Fawui's Antique Artefacts.
  9730 | D:10     | Bought a scintillating pewter amulet for 135 gold pieces
  9730 | D:10     | Identified the amulet "Celeog" {Reflect Dex+2 SH+5} (You
                  | bought it in a shop on level 10 of the Dungeon)
  9735 | D:10     | Bought a brightly glowing turquoise ring for 135 gold
                  | pieces
  9735 | D:10     | Identified the ring "Jepejour" {rPois rC+ Dex+4} (You
                  | bought it in a shop on level 10 of the Dungeon)
  9735 | D:10     | Bought a faintly glowing platinum ring for 135 gold pieces
  9735 | D:10     | Identified the ring "Nef Izxe" {EV+5 Int+3} (You bought it
                  | in a shop on level 10 of the Dungeon)
 10272 | Orc:1    | Entered Level 1 of the Orcish Mines
 10289 | Orc:1    | Reached *** piety under Cheibriados
 10523 | Orc:1    | Noticed an orc sorcerer
 10535 | Orc:1    | Killed an orc sorcerer
 10642 | Orc:1    | Reached skill level 5 in Short Blades
 10766 | Orc:1    | Learned a level 8 spell: Ignition
 10784 | Orc:1    | Reached **** piety under Cheibriados
 10787 | Orc:1    | Noticed an orc knight
 10799 | Orc:1    | Noticed an orc sorcerer
 10800 | Orc:1    | Killed an orc knight
 10801 | Orc:1    | Reached skill level 13 in Fire Magic
 10801 | Orc:1    | Noticed a sixfirhy
 10811 | Orc:1    | Killed an orc sorcerer
 11089 | Orc:1    | Found Faecur Dauni's Self-Improvement Boutique.
 11226 | Orc:1    | Noticed an orc high priest
 11226 | Orc:1    | Noticed a two-headed ogre
 11226 | Orc:1    | Noticed a two-headed ogre
 11228 | Orc:1    | Found a transporter.
 11228 | Orc:1    | Noticed an orc knight
 11229 | Orc:1    | Noticed an orc warlord
 11270 | Orc:1    | Noticed an orc knight
 11274 | Orc:1    | Noticed an orc sorcerer
 11396 | Orc:2    | Entered Level 2 of the Orcish Mines
 11437 | Orc:2    | Found a transporter.
 11440 | Orc:2    | Noticed a two-headed ogre
 11441 | Orc:2    | Noticed Paptupha's ghost (journeyman DEHu)
 11441 | Orc:2    | Noticed a two-headed ogre
 11442 | Orc:2    | Noticed a two-headed ogre
 11443 | Orc:2    | Identified the +3 great mace "Goblinbane" {flame, rF+ rC++
                  | Dex+3}
 11443 | Orc:2    | Noticed an ettin
 11445 | Orc:2    | Found a transporter.
 11464 | Orc:2    | Reached XP level 12. HP: 94/94 MP: 10/18
 11536 | Orc:2    | Found a staircase to the Elven Halls.
 11700 | Orc:2    | Noticed an orc high priest
 11706 | Orc:2    | Noticed an orc high priest
 11711 | Orc:2    | Killed an orc high priest
 11711 | Orc:2    | Killed an orc high priest
 11712 | Orc:2    | Reached skill level 5 in Spellcasting
 11714 | Orc:2    | Noticed an orc high priest
 11734 | Orc:2    | Killed an orc high priest
 11742 | Orc:2    | HP: 4/94 [orc priest/divine providence (13)]
 11743 | Orc:2    | Mangled by a warg

Illustrated notes

Levels and vault maps discovered:
D:1:      sevenhm_arrival_forest_fort_large_3, layout_loops_ring,
          minmay_crystal_water, grunt_decor_cap, minmay_octomino_j4
D:2:      layout_loops_cross
D:3:      layout_loops_ring, mainiacjoe_overflow_boulevard,
          nicolae_elyvilon_temple_path, mainiacjoe_overflow_tiny_flanked,
          nicolae_qazlal_scattered_showers, minmay_misc_feat_iff,
          nicolae_grassy_gnolls, uniq_robin
D:4:      layout_loops_cross, gammafunk_ghost_stat_death,
          hangedman_decor_diamond_cutter, uniq_ijyb
D:5:      layout_basic, serial_shops, shop,
          nicolae_concentric_dashed_squares_mild
D:6:      layout_gridville, grunt_dithmenos_shadows,
          mainiacjoe_overflow_alcove_2, yredelemnul_forgotten_temple_becter,
          mainiacjoe_overflow_concentric_impassable, uniq_blork_the_orc,
          uniq_duvessa, uniq_prince_ribbit1, uniq_eustachio
D:7:      layout_loops_ring, nicolae_overflow_hidden_temple,
          minmay_temple_entry_gardened_gates, dreamdust_mushroom_princess,
          minmay_statues_item, uniq_maggie, uniq_pikel
D:8:      layout_loops_corners, lemuel_coloured_pillars_altar,
          minmay_lair_entry_grove
D:9:      layout_roguey, gammafunk_ghost_ooze, nrook_mini_vaults, uniq_harold,
          uniq_grum
D:10:     layout_rooms, overflow_temple_1_default, lemuel_round_altar,
          orc_0_dummy, nicolae_antique_artefacts, minivault_23,
          minmay_misc_feat_five, item_on_display_a
Temple:   nicolae_temple_bog_church
Orc:1:    gammafunk_beogh_shrine, layout_diamond_mine, nicolae_shop_self_help
Orc:2:    st_orc_town, layout_diamond_mine, serial_shops, shop,
          gammafunk_ghost_smash

Skill      XL: |  1  2  3  4  5  6  7  8  9 10 11 12 |
---------------+-------------------------------------+-----
Fighting       | 1 2 3 4 5 |  5.2
Dodging        | 1 2 3 4 |  4.8
Armour         | 2 3 4 5 |  5.8
Ice Magic      | 1 2 3 4 5 6 |  6.2
Spellcasting   | 2 3 4 5 |  5.4
Staves         | 5 6 |  6.7
Poison Magic   | 5 6 7 |  7.7
Fire Magic     | 4 10 13 | 13.7
Short Blades   | 6 7 |  7.6

Action                     |  1- 3 |  4- 6 |  7- 9 | 10-12 || total
---------------------------+-------+-------+-------+-------++-------
  Melee: Quarterstaff      |    77 |   218 |   325 |    84 ||   704
         Staff             |       |       |    25 |       ||    25
         Rapier            |       |       |       |   150 ||   150
         Falchion          |       |       |       |    10 ||    10
         Punch             |       |       |       |     1 ||     1
   Cast: Sting             |     1 |     2 |     4 |       ||     7
         Ignite Poison     |       |       |       |    42 ||    42
         Olgreb's Toxic Ra |       |       |       |    38 ||    38
  Evoke: Wand              |       |       |     1 |       ||     1
    Use: Scroll            |       |    13 |     9 |     5 ||    27
         Potion            |       |     5 |     5 |     2 ||    12
   Stab: Sleeping          |       |       |       |     2 ||     2
 Armour: Scale mail        |    26 |   155 |   149 |       ||   330
         Skin              |       |    24 |       |       ||    24
         Steam dragon scal |       |       |     5 |   106 ||   111
         Ring mail         |       |       |     2 |       ||     2
  Dodge: Dodged            |    52 |   298 |   355 |   300 ||  1005
  Block: Other             |       |       |       |    53 ||    53
         Reflection        |       |       |       |     3 ||     3

Table legend: (Time is in decaauts)
 A = Elapsed time spent in this place.
 B = Non-inter-level travel time spent in this place.
 C = Inter-level travel time spent in this place.
 D = Time resting spent in this place.
 E = Time spent auto-exploring this place.
 F = Levels seen in this place.
 G = Mean time per level.
                   A        B        C        D        E       F      G
               +--------+--------+--------+--------+--------+-----+--------+
         Total |  14585 |  13817 |    768 |   2399 |   8094 |  13 | 1121.9 |
       Dungeon |  12251 |  11575 |    676 |   1916 |   6998 |  10 | 1225.1 |
        Temple |    165 |    103 |     62 |      0 |     87 |   1 |  165.0 |
  Orcish Mines |   2167 |   2138 |     29 |    483 |   1008 |   2 | 1083.5 |
               +--------+--------+--------+--------+--------+-----+--------+

Top non-repeatable levels by time:
     D:9: 1840 daAuts
   Orc:1: 1637 daAuts
     D:6: 1613 daAuts
     D:8: 1546 daAuts
     D:7: 1485 daAuts
     D:4: 1088 daAuts
     D:5: 1079 daAuts
     D:3: 1026 daAuts
     D:1: 1011 daAuts
    D:10: 781 daAuts
     D:2: 779 daAuts
   Orc:2: 529 daAuts
  Temple: 165 daAuts
